 Dungeon Crawl Stone Soup version 0.17.2-1-ge4368a0 (webtiles) character file.

156 rlgrobin the Twirler (level 5, -1/26 HPs)
             Began as a Vine Stalker Gladiator on Apr 20, 2017.
             Slain by a gnoll (5 damage)
             ... on level 4 of the Dungeon.
             The game lasted 00:02:23 (2168 turns).

rlgrobin the Twirler (Vine Stalker Gladiator)       Turns: 2168, Time: 00:02:23

Health: -1/26      AC:  6    Str: 18    XL:     5   Next: 38%
Magic:  0/6        EV: 11    Int:  8    God:
Gold:   220        SH:  0    Dex: 15    Spells: 0 memorised, 4 levels left

rFire  . . .     SeeInvis .     (no weapon)
rCold  . . .     Clarity  .     h - +0 ring mail
rNeg   . . .     SustAt   .     (no shield)
rPois  .         Gourm    .     l - +1 hat
rElec  .         Spirit   +     (no cloak)
rCorr  .         Warding  .     (no gloves)
rMut   .         Stasis   .     (no boots)
MR     .....                    (no amulet)
Stlth  +.........               (no ring)
                                (no ring)

@: lethally poisoned (-1 -> -3), about to teleport, not resistant to hostile
enchantments, very unstealthy
A: fangs 2, regeneration 1, magic shield, antimagic bite, no device heal 3, rot
immunity
a: no special abilities


You were on level 4 of the Dungeon.
You were not hungry.

You visited 1 branch of the dungeon, and saw 4 of its levels.

You collected 220 gold pieces.


Innate Abilities, Weirdness & Mutations

You have extremely sharp teeth.
Your natural rate of healing is unusually fast.
When hurt, damage is shared between your health and your magic reserves.
Your bite disrupts and absorbs the magic of your enemies.
Potions and wands cannot restore your health.
You are immune to rotting.


   Skills:
 - Level 1.7 Fighting
 + Level 5.3 Staves
 - Level 1.7 Throwing
 - Level 2.4 Dodging


You had 4 spell levels left.
You didn't know any spells.

Inventory:

Hand Weapons
 a - a +1 quarterstaff
Missiles
 d - 3 throwing nets {=f}
Armour
 b - a +0 leather armour
 c - a +0 helmet
 h - a +0 ring mail (worn)
 l - a +1 hat (worn)
Scrolls
 f - 3 scrolls of identify {unknown}
 g - 2 scrolls of remove curse {unknown}
 i - 2 scrolls of teleportation {@r4}
 m - a scroll of fear {unknown}
Comestibles
 e - 3 bread rations

Dungeon Overview and Level Annotations

Branches:
Dungeon (4/15)
 Temple: D:4-7

Altars:

. .▒▒ ..▒
▒▒.▒ ▒.▒
...▒ ▒.▒
▒..... ▒.▒
▒.▒▒▒▒ ▒B▒
▒.▒
▒▒▒▒▒▒▒▒▒▒f▒
▒.▒
▒........g.▒
▒.▒
▒.▒▒▒▒▒▒▒▒▒▒
▒.▒▒▒▒▒.▒
........▒
▒.▒▒▒▒▒▒▒
▒.▒ ▒.▒ ▒.▒


You could see a worker ant (inner flame) and a gnoll (inner flame).


Message History

The worker ant twitches its antennae in your direction!
The gnoll hits you!!! * * * don't die
* * * You take 4 damage, and have 9/26 hp!
You now have 3/6 mp!
The worker ant misses you!
The worker ant bites you! * * * don't die
* * * You are poisoned!
The worker ant poisons you!!!
You take 4 damage, and have 5/26 hp!
You now have 2/6 mp!
Read which item? (? for menu, Esc to quit)
As you read the scroll labeled LEUDOSHR FUNKI, it crumbles to dust!
The creatures around you are filled with an inner flame!!!
It was a scroll of immolation!
You feel sick! The worker ant barely misses you! The gnoll hits you!
You take 1 damage, and have 4/26 hp!
You now have 1/6 mp!
You are now empty-handed!
Drop what? 12/52 slots (_ for help) (? for menu, Esc to quit)
Okay, then!
Read which item? (? for menu, Esc to quit)
As you read the scroll labeled OZIYSTOUMI, it crumbles to dust!
You feel strangely unstable!
It was a scroll of teleportation!
You feel sick! The worker ant bites you! The gnoll closely misses you!
You now have 0/6 mp!
Read which item? (? for menu, Esc to quit)
As you read the scroll labeled OMAOC FUYCW, it crumbles to dust!
It is a scroll of enchant weapon!
Enchant which weapon? (? for menu, Esc to quit)
Your +0 quarterstaff glows red for a moment!
The worker ant closely misses you! The gnoll hits you! rip

Action                   |  1- 3 |  4- 6 || total
-------------------------+-------+-------++-------
Melee: Quarterstaff      |    59 |    66 ||   125
  Use: Scroll            |       |     3 ||     3
  Eat: Bread ration      |     1 |       ||     1

Vault maps used:
D:1:      saegor_arrival_simple_b
D:4:      minmay_temple_entry_poolview, gup_ossuary_entry_pyramid, uniq_robin,
          uniq_natasha

Notes
Turn   | Place    | Note
--------------------------------------------------------------
     0 | D:1      | rlgrobin the Vine Stalker Gladiator began the quest for the Orb.
     0 | D:1      | Reached XP level 1. HP: 11/11 MP: 2/2
   394 | D:1      | Reached skill level 3 in Staves
   552 | D:1      | Reached XP level 2. HP: 13/15 MP: 1/3
  1025 | D:2      | Reached XP level 3. HP: 16/18 MP: 4/4
  1135 | D:2      | Reached skill level 4 in Staves
  1374 | D:2      | Reached XP level 4. HP: 23/23 MP: 5/5
  2059 | D:4      | Noticed Natasha
  2067 | D:3      | Killed Natasha
  2067 | D:3      | Reached skill level 5 in Staves
  2067 | D:3      | Reached XP level 5. HP: 13/26 MP: 4/6
  2168 | D:4      | Slain by a gnoll

Vanquished Creatures
  Natasha (D:3)
  3 gnolls
  6 adders
  A worm (D:3)
  A giant gecko (D:4)
  4 orcs (D:3)
  2 goblins
  3 hobgoblins
  2 quokkas
  6 bats
  3 giant newts
  9 kobolds
  5 rats
46 creatures vanquished.
